 Dungeon Crawl Stone Soup version 0.22-a0-247-gbddf880757 (webtiles) character file.

10942 RedPan the Nimble (level 11, -26/82 HPs)
             Began as a Demonspawn Monk on Feb 25, 2018.
             Was a Believer of Cheibriados.
             Annihilated by a white ugly thing (33 damage)
             ... on level 10 of the Dungeon.
             The game lasted 00:39:06 (16392 turns).

RedPan the Nimble (Demonspawn Monk)                Turns: 16392, Time: 00:39:07

Health: -26/82     AC: 25    Str: 19    XL:     11   Next: 42%
Magic:  11/11      EV: 15    Int: 19    God:    Cheibriados [**....]
Gold:   342        SH: 12    Dex: 23    Spells: 10/10 levels left

rFire    + + .     SeeInvis .   a - +2 falchion
rCold    . . .     Gourm    .   e - +0 shield
rNeg     + . .     Faith    .   u - +4 scale mail {rF+}
rPois    .         Spirit   .   y - +0 helmet
rElec    .         Reflect  .   (no cloak)
rCorr    .         Harm     .   n - +1 pair of gloves
MR       .....                  i - +0 pair of boots "Idghyozu" {rN+ Int+3}
Stlth    +.........             (no amulet)
HPRegen  0.23/turn              B - +3 ring of dexterity
MPRegen  0.12/turn              E - ring of protection from fire

@: sanguine armour, drained, very slow
A: hooves 2, demonic guardian 1, dopey 1, robust 1, rot immunity, sanguine
armour 2
a: Bend Time, Renounce Religion


You were on level 10 of the Dungeon.
You worshipped Cheibriados.
Cheibriados was pleased with you.
You were not hungry.

You visited 2 branches of the dungeon, and saw 12 of its levels.

You collected 675 gold pieces.
You spent 333 gold pieces at shops.

Inventory:

Hand Weapons
 a - a +2 falchion (weapon)
Armour
 b - a +0 robe
 e - a +0 shield (worn)
 i - the +0 pair of boots "Idghyozu" (worn) {rN+ Int+3}
   (You found it on level 8 of the Dungeon)

   It affects your intelligence (+3).
   It protects you from negative energy.
 n - a +1 pair of gloves (worn)
 t - a +1 robe of magic resistance
 u - a +4 scale mail of fire resistance (worn)
 y - a +0 helmet (worn)
 z - a +0 plate armour
 J - a +0 ring mail
Magical Staves
 o - an uncursed staff of summoning
 K - an uncursed staff of summoning
Jewellery
 l - an uncursed ring of stealth
 p - a +5 ring of intelligence
 v - a +1 ring of protection
 B - a +3 ring of dexterity (left hand)
 E - a ring of protection from fire (right hand)
 G - an uncursed ring of protection from magic
Wands
 d - a wand of flame (21)
 q - a wand of acid (26)
 s - a wand of iceblast (15)
 A - a wand of digging (5)
 M - a wand of enslavement (7)
Scrolls
 g - 5 scrolls of remove curse
 m - a scroll of enchant armour
 w - 4 scrolls of identify
 D - 5 scrolls of amnesia
 F - a scroll of teleportation
 L - a scroll of blinking
 N - a scroll of magic mapping {unknown}
Potions
 f - 5 potions of brilliance
 h - a potion of resistance {unknown}
 j - 3 potions of curing
 k - 5 potions of lignification
 r - a potion of cancellation
 H - a potion of heal wounds
 I - a potion of mutation
Miscellaneous
 C - a box of beasts
Comestibles
 c - 16 rations


   Skills:
 - Level 3.0(2.2) Fighting
 * Level 8.7(7.7) Long Blades
 - Level 7.0(6.1) Armour
 + Level 9.5(8.6) Dodging
 - Level 1.7(1.0) Stealth
 - Level 9.0(8.1) Shields


You had 10 spell levels left.
You didn't know any spells.

Dungeon Overview and Level Annotations

Branches:
Dungeon (11/15)            Temple (1/1) D:4            Lair (0/6) D:10
    Orc: D:9-12

Altars:
Ashenzari
Cheibriados
Dithmenos
Elyvilon
Fedhas
Gozag
Hepliaklqana
Kikubaaqudgha
Makhleb
Nemelex Xobeh
Okawaru
Qazlal
Ru
Sif Muna
Trog
Uskayaw
Vehumet
Wu Jian
Xom
Yredelemnul
Zin
The Shining One

Shops:
D:4 *   D:6 ?   D:7 !

Annotations:
D:8 Grum
D:10 Sonja


Innate Abilities, Weirdness & Mutations

You have hoof-like feet.
A weak demonic guardian rushes to your aid.
You are immune to rotting.
When seriously injured, your bleeding wounds create thick armour. (AC +9)
You are dopey. (Int -2)
You are robust. (+10% HP)


Message History

The redback zombie barely misses your ufetubus.
You climb upwards.
Your summoned allies are left behind.
Level annotation: Sonja
There is a stone staircase leading down here.
You hit the white ugly thing.
The white ugly thing is lightly wounded.
The white ugly thing gores you! The white ugly thing freezes you!!
Your blood congeals into armour.
You hit the white ugly thing but do no damage.
The white ugly thing is lightly wounded.
The white ugly thing gores you. The white ugly thing freezes you!!
* * * LOW HITPOINT WARNING * * *
You are too injured to fight recklessly!
You are too injured to fight recklessly!
You closely miss the white ugly thing.
The white ugly thing is lightly wounded.
The white ugly thing gores you.
* * * LOW HITPOINT WARNING * * *
The white ugly thing freezes you!!
You die...

........#.......#...<...
........#.......#.......
........#.......#.######
........##......#.#
.........#....###.#
.........#....#...#
.........#....#...#
###.....u#....#(..#
#....@.###'##(..######
##.......(((.(.........
#..............(.......
#..................####
#..................# #
####################


You could see a white ugly thing.

Vanquished Creatures
  The ghost of dricus the Spear-Bearer, a novice MfGl of Makhleb (D:9)
  A flayed ghost (D:8)
  A troll (D:10)
  2 hornets (D:8)
  A hippogriff (D:8)
  5 wraiths
  6 yaks
  10 fire bats (D:8)
  A soldier ant (D:8)
  2 insubstantial wisps (D:8)
  An orc warrior (D:7)
  3 sky beasts (D:8)
  An ogre (D:7)
  A black bear (D:9)
  An ice beast (D:8)
  A wolf (D:7)
  3 centaurs
  2 big kobolds (D:7)
  2 bullfrogs
  A wyvern skeleton (D:10)
  2 scorpions
  4 killer bees (D:8)
  A howler monkey (D:4)
  4 crimson imps
  A centaur zombie (D:6)
  A quasit (D:10)
  2 bullfrog zombies
  8 hounds
  7 orc wizards
  6 orc priests
  A centaur skeleton (D:10)
  An iguana (D:5)
  A worker ant (D:10)
  2 hound zombies
  9 gnolls
  15 adders
  A shadow imp (D:6)
  An ooze (D:3)
  An adder skeleton (D:9)
  2 worms
  5 leopard geckos
  40 orcs
  2 ball pythons
  69 bats
  2 giant cockroaches
  3 goblins
  4 hobgoblins
  3 jackals
  15 kobolds
  2 quokkas
  4 frilled lizards
  A leopard gecko skeleton (D:8)
  6 rats
272 creatures vanquished.

Vanquished Creatures (collateral kills)
  Josephine (D:10)
  A two-headed ogre (D:10)
  Psyche (D:8)
  A hornet (D:8)
  2 fire bats (D:8)
  A wyvern (D:8)
  2 yaks
  5 wraiths
  A steam dragon (D:8)
  A water moccasin (D:8)
  An orc warrior (D:7)
  An ice beast (D:5)
  A sky beast (D:7)
  An ogre (D:4)
  A wolf (D:8)
  A bullfrog (D:6)
  2 scorpions
  2 howler monkeys (D:8)
  A hound (D:4)
  An orc wizard (D:4)
  A hound zombie (D:5)
  An adder (D:6)
  2 orcs (D:7)
  A giant cockroach (D:4)
  A jackal (D:4)
  4 kobolds (D:7)
  12 bats (D:8)
50 creatures vanquished.

Grand Total: 322 creatures vanquished

Notes
Turn   | Place    | Note
-------+----------+-------------------------------------------
     0 | D:1      | RedPan the Demonspawn Monk began the quest for the Orb.
     0 | D:1      | Reached XP level 1. HP: 18/18 MP: 1/1
   402 | D:1      | Gained mutation: When seriously injured, your bleeding wounds create armour. (AC +9) [demonic ancestry]
   402 | D:1      | Reached XP level 2. HP: 16/24 MP: 2/2
   552 | D:1      | Found a shattered altar of Ashenzari.
  1437 | D:2      | Found a basalt altar of Yredelemnul.
  1462 | D:2      | Gained mutation: When seriously injured, your bleeding wounds create thick armour. (AC +9) [demonic ancestry]
  1462 | D:2      | Reached XP level 3. HP: 19/29 MP: 3/3
  1476 | D:2      | Reached skill level 1 in Shields
  1783 | D:3      | Gained mutation: You have large cloven feet. [demonic ancestry]
  1783 | D:3      | Reached XP level 4. HP: 25/35 MP: 4/4
  2748 | D:3      | Gained mutation: A weak demonic guardian rushes to your aid. [demonic ancestry]
  2748 | D:3      | Reached XP level 5. HP: 35/41 MP: 5/5
  2861 | D:4      | Found Gozag's Platinum Reserve.
  2883 | D:4      | Found an opulent altar of Gozag.
  3032 | D:4      | Reached XP level 6. HP: 39/47 MP: 6/6
  3106 | D:4      | Found a staircase to the Ecumenical Temple.
  3124 | D:4      | Reached skill level 5 in Long Blades
  3128 | Temple   | Entered the Ecumenical Temple
  3614 | D:4      | Found a blossoming altar of Fedhas.
  3616 | D:4      | Found a burning altar of Makhleb.
  3616 | D:4      | Found a glowing golden altar of the Shining One.
  3618 | D:4      | Found a shimmering altar of Xom.
  3618 | D:4      | Found a hide-covered altar of Uskayaw.
  3618 | D:4      | Found a hazy altar of Hepliaklqana.
  3672 | D:5      | Entered Level 5 of the Dungeon
  4284 | D:5      | Reached XP level 7. HP: 44/52 MP: 7/7
  4672 | D:6      | Found an iron altar of Okawaru.
  4873 | D:6      | Found Darestam's Magic Scroll Shop.
  4898 | D:6      | Bought a scroll of teleportation for 39 gold pieces
  5364 | D:6      | Reached skill level 5 in Dodging
  5364 | D:6      | Gained mutation: You are immune to rotting. [demonic ancestry]
  5364 | D:6      | Reached XP level 8. HP: 56/58 MP: 8/8
  6285 | D:7      | Found Yzxiet's Distillery.
  6300 | D:7      | Bought a potion of heal wounds for 70 gold pieces
  6300 | D:7      | Bought 2 potions of mutation for 224 gold pieces
  6399 | D:7      | Gained mutation: You are dopey. (Int -2) [potion of mutation]
  6399 | D:7      | Gained mutation: You are robust. (+10% HP) [potion of mutation]
  6978 | D:8      | Noticed Grum
  7003 | D:7      | Reached skill level 5 in Shields
  7194 | D:8      | Noticed Psyche
  7265 | D:8      | Noticed a hornet
  7265 | D:8      | Noticed a hornet
  7269 | D:8      | Paralysed by a hornet for 3 turns
  7271 | D:8      | Noticed a hornet
  7505 | D:8      | Reached skill level 1 in Armour
  7505 | D:8      | Gained mutation: You have hoof-like feet. [demonic ancestry]
  7505 | D:8      | Reached XP level 9. HP: 51/69 MP: 9/9
  7622 | D:8      | Killed Psyche
  7818 | D:8      | Found an iron altar of Okawaru.
  8098 | D:8      | Found a runed door.
  8105 | D:8      | Found an iron altar of Okawaru.
  8245 | D:8      | Found an ornate altar of the Wu Jian Council.
  8602 | D:8      | Found a blossoming altar of Fedhas.
  8662 | D:8      | Found a bloodstained altar of Trog.
  8693 | D:8      | Reached XP level 10. HP: 29/77 MP: 10/10
  9236 | D:8      | Found a bloodstained altar of Trog.
  9413 | D:8      | Reached skill level 5 in Armour
  9445 | D:8      | Noticed a flayed ghost
  9459 | D:8      | Killed a flayed ghost
  9465 | D:8      | Got a pair of translucent boots
  9471 | D:8      | Identified the +0 pair of boots "Idghyozu" {rN+ Int+3} (You found it on level 8 of the Dungeon)
  9637 | D:8      | Found a white marble altar of Elyvilon.
 11783 | D:9      | Found a shadowy altar of Dithmenos.
 12181 | D:9      | Noticed dricus's ghost (novice MfGl)
 12251 | D:9      | Killed dricus's ghost
 12251 | D:9      | Reached XP level 11. HP: 24/82 MP: 11/11
 12996 | D:10     | Entered Level 10 of the Dungeon
 13321 | D:10     | Noticed a two-headed ogre
 13343 | D:10     | Killed a two-headed ogre
 13564 | D:10     | Found a staircase to the Lair.
 13614 | D:10     | Noticed Josephine
 13833 | D:8      | Paralysed by a hornet for 2 turns
 14455 | D:8      | Found a snail-covered altar of Cheibriados.
 14456 | D:8      | Found a glowing silver altar of Zin.
 14456 | D:8      | Found a blossoming altar of Fedhas.
 14458 | D:8      | Became a worshipper of Cheibriados the Contemplative
 14458 | D:8      | Reached * piety under Cheibriados
 14458 | D:8      | Reached ** piety under Cheibriados
 14460 | D:8      | Found a radiant altar of Vehumet.
 14460 | D:8      | Found a burning altar of Makhleb.
 14462 | D:8      | Found an ancient bone altar of Kikubaaqudgha.
 14465 | D:8      | Found a stormy altar of Qazlal.
 14904 | D:10     | Noticed Sonja
 15692 | D:10     | Killed Josephine
 16119 | D:10     | Found a deep blue altar of Sif Muna.
 16382 | D:11     | Noticed a white ugly thing
 16392 | D:10     | Annihilated by a white ugly thing

Vault maps used:
D:1:      erik_arrival_cave_to_civilisation, nicolae_ashenzari_panopticon
D:2:      nicolae_overflow_crystal_walls
D:3:      minmay_fountain_box
D:4:      minmay_door_path, nicolae_gozag_zags_fifth_avenue,
          minmay_temple_entry_butterflies, doesnt_xom_only_xom
D:5:      first_ration, kennysheep_generic_room_10
D:6:      okawaru_gym_becter, serial_shops, shop
D:7:      serial_shops, shop
D:8:      due_megacathedral, minitemple, kennysheep_little_box,
          hangedman_pestilent_swarm, hangedman_misty_isle, uniq_grum,
          uniq_psyche
D:9:      lemuel_crystal_altar
D:10:     lair_entry_dummy, basic_altar, uniq_josephine, uniq_sonja
D:11:     hiddenorc1_lemuel, serial_shops, shop_fountains,
          corexii_hall_statues_i, eino_small_chamber_without_monster,
          minmay_misc_feat_plants, st_stairs_4, uniq_fannar, uniq_erolcha,
          uniq_harold
Temple:   dpeg_three_leaves_temple

Skill      XL: |  1  2  3  4  5  6  7  8  9 10 11 |
---------------+----------------------------------+-----
Long Blades    | 3 4 5 6 8 |  8.7
Dodging        | 3 4 5 6 7 9 |  9.5
Shields        | 1 2 3 5 6 8 9 |  9.0
Armour         | 1 4 6 7 |  7.0
Fighting       | |  3.0
Stealth        | |  1.7

Action                   |  1- 3 |  4- 6 |  7- 9 | 10-12 || total
-------------------------+-------+-------+-------+-------++-------
Melee: Falchion          |   119 |   136 |   422 |   817 ||  1494
       Kick              |       |    43 |   151 |    33 ||   227
Invok: Bend Time         |       |       |       |     2 ||     2
  Use: Scroll            |     9 |     6 |     6 |     7 ||    28
       Potion            |       |       |     5 |     9 ||    14
 Stab: Sleeping          |     6 |     2 |     5 |     1 ||    14
       Distracted        |     1 |       |     2 |     9 ||    12
       Invisible         |       |       |     1 |       ||     1
  Eat: Chunk             |     3 |     8 |    11 |    10 ||    32
       Ration            |       |       |     1 |     4 ||     5
Armor: Robe              |    25 |    26 |    83 |    85 ||   219
       Ring mail         |       |       |    17 |     9 ||    26
       Scale mail        |       |       |       |   114 ||   114
Dodge: Dodged            |    72 |    66 |   253 |   392 ||   783
Block: Shield            |    24 |    46 |   267 |   385 ||   722
       Rpst.: Falchion   |    18 |    21 |    80 |   104 ||   223

Table legend:
 A = Spawn XP
 B = Non-spawn XP
 C = Spawn XP percentage of total XP
 D = Spawn monster count
 E = Non-spawn monster count
 F = Spawn count percentage of total count
 G = Total turns spent on level
                    A         B        C        D         E        F      G
               +---------+---------+-------+---------+---------+-------+---------
         Total |       0 |   15632 |   0.0 |       0 |     322 |   0.0 | 16392
               +---------+---------+-------+---------+---------+-------+---------
           D:1 |       0 |      27 |   0.0 |       0 |      17 |   0.0 |   876
           D:2 |       0 |      69 |   0.0 |       0 |      14 |   0.0 |  1022
           D:3 |       0 |      95 |   0.0 |       0 |      17 |   0.0 |   778
           D:4 |       0 |     387 |   0.0 |       0 |      20 |   0.0 |   919
           D:5 |       0 |     337 |   0.0 |       0 |      15 |   0.0 |   958
           D:6 |       0 |     520 |   0.0 |       0 |      16 |   0.0 |  1183
           D:7 |       0 |    1134 |   0.0 |       0 |      38 |   0.0 |  1329
           D:8 |       0 |    7811 |   0.0 |       0 |     144 |   0.0 |  5176
           D:9 |       0 |    2720 |   0.0 |       0 |      19 |   0.0 |  2337
          D:10 |       0 |    2457 |   0.0 |       0 |      19 |   0.0 |  1704
          D:11 |       0 |      72 |   0.0 |       0 |       2 |   0.0 |    16
        Temple |       0 |       3 |   0.0 |       0 |       1 |   0.0 |    94
               +---------+---------+-------+---------+---------+-------+---------
